Map: Goldenaura LE

Players

Battlecake - Winner!

  • Race: Terran Terran
  • Spawn Location: 5:00

babyboi

  • Race: Zerg Zerg
  • League: Platinum
  • Spawn Location: 12:00

VOD

Have the link to the VOD?

Description

1- libs + hellions harass
2- drops (+ libs if you feel like it)
3- Move out and try to make shit happens

Time

  • Played on: Nov. 23, 2024, 2:14 a.m.
  • Length: 11:05
Show
View Real Time Build Order
Export as new Build Order

Battlecake Terran - Winner!

Build Orders: Liberator Opening, Reaper Expand 

Get SALT Encoding   

  12  0:00  SCV  
  13  0:12  SCV  
  14  0:17  Supply Depot  
  14  0:24  SCV  
  15  0:39  SCV  
  15  0:40  Barracks  
  16  0:45  Refinery  
  16  0:51  SCV  
  17  1:03  SCV  
  18  1:15  SCV  
  19  1:29  Orbital Command, Reaper  
  20  1:45  Command Center  
  20  1:55  SCV  
  20  2:01  Supply Depot  
  21  2:07  SCV  
  22  2:11  Factory  
  22  2:19  SCV  
  22  2:22  Barracks Reactor  
  23  2:34  SCV  
  24  2:46  SCV  
  26  2:58  SCV  
  26  2:59  Command Center  
  26  3:02  Starport  
  26  3:07  Refinery  
  26  3:09  Orbital Command  
  26  3:14  SCV  
  27  3:23  Hellion  
  27  3:25  Hellion  
  31  3:30  SCV  
  32  3:36  SCV  
  33  3:42  SCV, Liberator  
  37  3:48  SCV  
  37  3:52  Hellion x2  
  42  3:55  Supply Depot  
  42  4:04  SCV x2  
  43  4:11  Barracks Tech Lab  
  43  4:12  Orbital Command  
  43  4:16  SCV x2  
  49  4:27  Supply Depot  
  49  4:28  SCV x2  
  47  4:40  Marine, Siege Tank  
  47  4:41  Marine  
  47  4:42  Barracks x2  
  47  4:43  SCV x2  
  47  4:44  SCV  
  55  4:50  Engineering Bay, Supply Depot  
  55  4:55  SCV  
  55  4:56  SCV x2  
  54  5:08  SCV x3  
  54  5:09  Marine x2  
  57  5:18  Siege Tank, Refinery  
  57  5:20  SCV, Refinery  
  59  5:25  Starport Reactor  
  59  5:27  Marine, SCV x2  
  59  5:28  Barracks  
  62  5:30  Barracks Tech Lab, Barracks  
  62  5:32  Barracks Reactor, SCV  
  62  5:35  Marine  
  64  5:38  Terran Infantry Weapons Level 1  
  64  5:39  SCV  
  65  5:44  SCV x2  
  67  5:50  Siege Tank  
  67  5:51  SCV  
  67  5:54  Marine x3  
  67  5:55  Stimpack  
  67  5:56  SCV  
  76  5:59  Orbital Command  
  75  6:11  Marine, Medivac x2  
  75  6:18  Barracks  
  80  6:19  Refinery  
  80  6:20  Barracks Reactor, Marine  
  80  6:21  Barracks Reactor, Marine x3, Barracks x2  
  80  6:22  Refinery  
  84  6:27  SCV x3  
  84  6:34  Marine  
  85  6:51  Supply Depot  
  85  6:58  Supply Depot  
  85  7:01  Marine x2, Supply Depot, Liberator x2  
  85  7:03  Supply Depot  
  93  7:12  Marine x6  
  93  7:13  Barracks Tech Lab x2, SCV x2  
  93  7:14  Barracks Reactor  
  101  7:20  Marine, Siege Tank, SCV  
  106  7:25  SCV x2  
  106  7:26  Supply Depot  
  106  7:28  Marine x2, Supply Depot  
  110  7:32  SCV  
  110  7:34  Engineering Bay  
  110  7:35  Marine, Armory  
  110  7:36  Marine x3  
  110  7:37  SCV x2, Marauder x3  
  123  7:44  SCV  
  124  8:10  Marine x6, Marauder x3  
  133  8:24  Marine x2  
  133  8:25  Siege Tank  
  134  8:28  Terran Vehicle Weapons Level 1  
  134  8:29  Terran Infantry Armor Level 1  
  134  8:30  Ghost Academy  
  134  8:31  Terran Infantry Weapons Level 2, Marauder x2  
  137  8:38  Marine x4, Marauder  
  137  8:40  Marine  
  137  8:41  Marine x3  
  141  8:45  Marine  
  141  8:53  Supply Depot x2  
  141  8:54  Supply Depot x2  
  141  8:55  Supply Depot  
  141  8:57  SCV  
  141  8:58  Marine, SCV x2  
  141  8:59  Marauder  
  141  9:02  Marine x4, Marauder x2  
  140  9:04  Command Center  
  141  9:14  Marine x3, Medivac x2, SCV  
  141  9:15  SCV x2  
  151  9:27  SCV x3  
  154  9:35  Supply Depot  
  154  9:36  Supply Depot x2  
  154  9:37  Supply Depot  
  154  9:39  SCV x3  
  154  9:44  Medivac x2  
  161  9:51  SCV  
  162  9:57  Ghost x3  
  162  9:58  Marine x10  
  178  10:03  Siege Tank  
  181  10:14  Medivac x2  
  181  10:15  Marine x2  
  181  10:18  Planetary Fortress  
  187  10:34  Marine, Marauder x2  
  187  10:35  Marine, Marauder  
Show
View Real Time Build Order
Export as new Build Order

babyboi Zerg 

Build Orders: Hatch First 

Get SALT Encoding   

  12  0:04  Drone  
  13  0:13  Overlord  
  13  0:16  Drone  
  14  0:31  Drone  
  14  0:32  Drone  
  16  0:39  Drone  
  17  0:49  Drone  
  18  1:00  Hatchery  
  18  1:01  Drone  
  18  1:04  Extractor  
  17  1:20  Spawning Pool  
  17  1:21  Drone  
  17  1:23  Drone  
  18  1:30  Drone  
  19  1:41  Overlord  
  19  2:00  Drone  
  20  2:08  Queen  
  20  2:09  Zergling x2  
  20  2:11  Queen  
  20  2:13  Zergling x2, Drone  
  27  2:16  Metabolic Boost  
  27  2:27  Extractor  
  24  2:39  Drone  
  24  2:40  Drone x3  
  27  3:03  Drone x4  
  31  3:06  Drone  
  31  3:08  Overlord  
  32  3:17  Hatchery  
  31  3:29  Drone x4  
  35  3:37  Overlord  
  35  3:41  Drone x2  
  36  3:42  Drone x2  
  39  3:53  Drone  
  39  3:54  Drone  
  41  3:57  Drone x3  
  44  4:22  Extractor  
  44  4:23  Drone  
  44  4:27  Overlord x2  
  44  4:33  Zergling x14  
  44  4:34  Zergling x4  
  43  5:08  Zergling x12  
  43  5:09  Zergling x2  
  48  5:14  Drone x2  
  49  5:22  Spore Crawler  
  49  5:25  Drone x3  
  49  5:46  Drone x2  
  49  5:47  Roach Warren  
  49  5:49  Queen x3  
  56  5:51  Drone x3  
  56  5:52  Drone x2  
  55  6:02  Spore Crawler  
  53  6:10  Drone x3  
  56  6:30  Lair  
  56  6:31  Drone x3  
  56  6:32  Drone x6  
  65  6:39  Drone x3  
  68  6:54  Baneling Nest  
  64  7:02  Drone x2  
  64  7:03  Drone x3  
  64  7:04  Zergling x6  
  72  7:15  Drone x2  
  74  7:19  Overlord x3  
  74  7:38  Centrifugal Hooks  
  74  7:41  Drone x4  
  78  7:46  Evolution Chamber, Zergling x10  
  78  7:47  Zergling x8  
  78  7:48  Evolution Chamber  
  85  8:08  Spore Crawler  
  73  8:30  Zergling x2  
  73  8:31  Zergling x8  
  69  8:34  Zergling x2  
  69  8:35  Zergling x14  
  69  8:36  Zergling x4  
  59  8:53  Zergling x10  
  59  8:54  Zergling x2  
  63  9:00  Drone  
  63  9:01  Drone x2  
  62  9:12  Drone x3  
  62  9:14  Extractor  
  64  9:22  Extractor x2  
  64  9:23  Drone x2  
  64  9:24  Drone, Spore Crawler  
  65  9:25  Queen x3, Hatchery  
  69  9:44  Spore Crawler  
  69  9:45  Drone x3  
  71  9:46  Spore Crawler  
  70  10:01  Zergling x2  
  70  10:02  Zergling x16  
  70  10:03  Zergling x10, Spore Crawler  
  83  10:13  Overlord x4  
  83  10:14  Drone x2  
  85  10:25  Baneling x4  
  85  10:26  Baneling x11  
  85  10:27  Baneling, Zergling x2  
  85  10:28  Zergling x2  
Tags
 
Add a new tag
Caveats
  • Supply blocks, unpowered buildings, or Contaminate may cause inaccurate times.
  • Supply counts are checked every 10 seconds.